Map: Disco Bloodbath LE

Players

MaNa - Winner!

  • Race: Protoss Protoss
  • Spawn Location: 9:00

Cyan

  • Race: Protoss Protoss
  • Spawn Location: 3:00

VOD

Have the link to the VOD?

Description

Time

  • Played on: Sept. 6, 2019, 7:56 p.m.
  • Length: 12:27
Show
View Real Time Build Order
Export as new Build Order

MaNa Protoss - Winner!

Build Orders: Oracle Opening, Phoenix Opening 

Get SALT Encoding   

  12  0:00  Probe  
  13  0:12  Probe  
  14  0:18  Pylon  
  14  0:24  Probe  
  15  0:32  Probe  
  15  0:37  Gateway  
  15  0:40  Probe  
  16  0:46  Assimilator  
  17  0:51  Probe  
  17  0:54  Assimilator  
  18  0:59  Probe  
  19  1:07  Gateway, Probe  
  19  1:17  Probe  
  20  1:25  Cybernetics Core  
  21  1:29  Probe  
  22  1:34  Pylon  
  22  1:41  Probe  
  23  1:53  Probe  
  24  2:02  Warp Gate, Stalker  
  24  2:03  Sentry  
  24  2:05  Probe  
  29  2:11  Pylon  
  29  2:29  Stargate  
  29  2:34  Stalker  
  31  2:40  Phoenix  
  31  2:42  Stalker  
  33  2:53  Pylon  
  33  3:05  Oracle  
  32  3:06  Pylon  
  33  3:14  Nexus  
  33  3:18  Probe  
  36  3:30  Probe  
  37  3:38  Probe  
  37  3:42  Oracle  
  37  3:46  Probe  
  40  3:56  Probe  
  36  4:08  Probe  
  37  4:19  Probe  
  37  4:23  Probe  
  38  4:27  Probe, Stalker  
  38  4:28  Stalker  
  43  4:31  Probe  
  43  4:35  Probe  
  45  4:41  Probe  
  47  4:47  Probe  
  47  4:52  Stalker x2  
  52  4:54  Probe  
  52  4:59  Probe  
  54  5:06  Probe  
  55  5:11  Probe  
  55  5:13  Pylon  
  56  5:18  Probe  
  56  5:20  Twilight Council, Assimilator  
  57  5:23  Probe  
  57  5:24  Stalker  
  57  5:25  Stalker  
  62  5:31  Pylon  
  62  5:33  Probe  
  64  5:35  Probe  
  64  5:45  Probe  
  64  5:47  Probe  
  64  5:48  Stalker x2  
  64  5:49  Blink  
  66  5:57  Probe  
  66  5:59  Probe  
  68  6:06  Assimilator  
  68  6:09  Shield Battery  
  68  6:10  Shield Battery  
  66  6:14  Stalker  
  66  6:15  Zealot  
  70  6:20  Forge  
  70  6:24  Probe x2  
  72  6:38  Pylon, Stalker x2  
  76  6:43  Gateway x2, Protoss Ground Weapons Level 1  
  76  6:47  Gateway  
  76  6:54  Probe x2  
  78  7:04  Stalker x2  
  82  7:08  Pylon  
  80  7:27  Stalker x2  
  82  7:31  Nexus  
  82  7:33  Robotics Facility  
  82  7:40  Stalker x2  
  86  7:48  Probe x2  
  88  7:52  Pylon  
  88  7:54  Stalker x3  
  94  8:05  Robotics Facility  
  94  8:10  Probe x2  
  94  8:12  Pylon  
  96  8:16  Pylon  
  96  8:22  Probe x2  
  96  8:24  Observer  
  98  8:30  Robotics Bay  
  101  8:34  Probe x2  
  101  8:43  Stalker x4  
  109  8:56  Probe x2  
  109  8:58  Probe  
  109  8:59  Shield Battery, Protoss Ground Weapons Level 2  
  112  9:07  Disruptor x2  
  112  9:22  Photon Cannon  
  112  9:23  Photon Cannon  
  118  9:24  Photon Cannon  
  118  9:30  Stalker x4  
  123  9:46  Disruptor x2  
  123  9:51  Assimilator  
  129  9:52  Assimilator  
  129  9:53  Pylon  
  127  10:07  Stalker x3  
  133  10:23  Disruptor, Stalker x2  
  130  10:37  Zealot x2  
  130  10:38  Zealot  
  130  10:40  Warp Prism  
  128  10:51  Stalker x2  
  132  10:57  Gateway  
  132  10:59  Gateway  
  132  11:01  Disruptor  
  132  11:03  Gateway  
  130  11:06  Gateway  
  131  11:25  Stalker x4  
  136  11:34  Disruptor  
  133  11:43  Disruptor  
  130  11:48  Stalker  
  130  11:49  Stalker x3  
  132  12:02  Zealot x2  
  127  12:08  Stalker x3  
  126  12:16  Stalker x4  
  128  12:24  Stalker x2  
Show
View Real Time Build Order
Export as new Build Order

Cyan Protoss 

Build Orders: Oracle Opening 

Get SALT Encoding   

  12  0:00  Probe  
  13  0:12  Probe  
  14  0:18  Pylon  
  14  0:24  Probe  
  15  0:32  Probe  
  15  0:37  Gateway  
  15  0:40  Probe  
  16  0:46  Assimilator  
  17  0:51  Probe  
  17  0:55  Assimilator  
  18  0:59  Probe  
  19  1:07  Gateway, Probe  
  19  1:17  Probe  
  20  1:25  Cybernetics Core  
  21  1:29  Probe  
  22  1:37  Pylon  
  22  1:41  Probe  
  23  1:55  Probe  
  24  2:03  Stargate  
  24  2:06  Stalker  
  26  2:08  Warp Gate  
  26  2:16  Stalker  
  28  2:24  Pylon  
  28  2:36  Oracle  
  31  3:02  Nexus  
  31  3:03  Oracle  
  31  3:05  Probe  
  32  3:19  Probe  
  36  3:22  Pylon  
  36  3:32  Twilight Council  
  36  3:34  Probe  
  37  3:46  Probe  
  38  3:49  Forge  
  38  3:59  Probe  
  38  4:02  Blink  
  36  4:04  Stalker  
  37  4:10  Probe  
  37  4:15  Stalker  
  38  4:18  Probe x2  
  40  4:27  Probe  
  40  4:30  Probe  
  42  4:37  Probe  
  42  4:41  Stalker  
  42  4:42  Probe  
  46  4:47  Stalker, Protoss Ground Weapons Level 1  
  46  4:50  Probe  
  49  4:54  Probe  
  50  5:02  Probe  
  50  5:06  Probe, Stalker  
  54  5:13  Stalker  
  54  5:14  Probe  
  57  5:18  Pylon, Probe  
  58  5:26  Probe  
  59  5:29  Stalker  
  59  5:30  Probe  
  62  5:36  Pylon, Stalker  
  62  5:39  Probe  
  62  5:51  Probe  
  62  5:52  Stalker  
  62  5:55  Probe  
  64  6:03  Stalker  
  64  6:04  Probe  
  67  6:06  Nexus  
  67  6:08  Probe  
  68  6:11  Pylon  
  68  6:12  Charge  
  68  6:17  Probe  
  69  6:20  Probe, Assimilator  
  69  6:24  Assimilator  
  70  6:27  Pylon  
  70  6:29  Probe  
  71  6:33  Probe  
  71  6:39  Gateway  
  72  6:40  Gateway  
  72  6:43  Protoss Ground Weapons Level 2  
  72  6:44  Robotics Facility  
  72  6:48  Zealot, Sentry  
  76  6:54  Gateway  
  76  7:02  Gateway  
  76  7:12  Gateway  
  76  7:15  Gateway  
  76  7:20  Probe  
  75  7:26  Immortal, Zealot  
  75  7:27  Zealot  
  75  7:32  Templar Archives  
  75  7:33  Pylon  
  79  7:54  Zealot x3  
  79  7:58  Immortal  
  85  8:03  Zealot x2  
  93  8:10  Zealot  
  93  8:11  Zealot  
  97  8:14  Pylon  
  97  8:19  Pylon  
  95  8:32  Immortal  
  95  8:33  Zealot, High Templar x2  
  101  8:39  Archon  
  97  8:49  Zealot x2  
  97  8:52  Zealot, High Templar x2  
  107  8:57  Archon  
  107  8:58  Pylon  
  107  8:59  Zealot  
  109  9:04  Observer  
  105  9:19  Warp Prism  
  105  9:28  High Templar x2  
  105  9:29  Zealot x5  
  117  9:34  Archon  
  111  9:46  High Templar  
  111  9:49  Zealot x2, High Templar  
  111  9:50  Zealot x2  
  123  9:53  Pylon  
  116  10:08  Zealot x2  
  116  10:27  Zealot x3, High Templar  
  124  10:32  Pylon  
  122  10:36  Zealot  
  122  10:37  Zealot x3  
  122  10:52  High Templar x3  
  122  10:53  Zealot x2  
  122  10:57  High Templar, Archon, Zealot x2  
  132  11:02  Archon  
  138  11:11  Pylon  
  126  11:19  Zealot, Archon  
  126  11:20  Zealot x4  
  112  11:51  Zealot x3  
  112  11:52  Zealot x5  
  70  12:15  Zealot x5  
  70  12:16  Zealot x3  
Tags
 
Add a new tag
Caveats
  • Supply blocks, unpowered buildings, or Contaminate may cause inaccurate times.
  • Supply counts are checked every 10 seconds.